 Dungeon Crawl Stone Soup version 0.31-a0-728-g01b46875f1 (webtiles) character file.

Game seed: 14672378282394508438

1865 demibob the Basher (level 8, -2/66 HPs)
             Began as a Minotaur Chaos Knight on Sept 12, 2023.
             Was a Plaything of Xom.
             Killed from afar by Maggie (18 damage)
             ... with a bolt of fire
             ... on level 6 of the Dungeon.
             The game lasted 00:07:20 (4164 turns).

demibob the Basher (Minotaur Chaos Knight)          Turns: 4164, Time: 00:07:22

Health: -2/66      AC:  9    Str: 19    XL:     8   Next: 90%
Magic:  0/7        EV: 11    Int:  9    God:    Xom [....*.]
Gold:   251        SH:  0    Dex: 10    Spells: 7/7 levels left

rFire   . . .        a - +1 mace (venom)
rCold   + . .        (no shield)
rNeg    . . .        b - +2 leather armour
rPois   .            (helmet restricted)
rElec   .            (no cloak)
rCorr   .            m - +1 pair of gloves
SInv    .            (no boots)
Will    .....        n - amulet of guardian spirit
Stlth   +            T - +4 ring of protection
HPRegen 0.31/turn    C - ring of protection from cold
MPRegen 0.10/turn

%: guardian spirit
@: mesmerised
A: horns 2, retaliatory headbutt, deformed body, mutation resistance 1
a: Renounce Religion


You were on level 6 of the Dungeon.
You worshipped Xom.
You were a beloved toy of Xom.
You visited 1 branch of the dungeon, and saw 6 of its levels.
You also visited: Sewer.

You collected 251 gold pieces.


Innate Abilities, Weirdness & Mutations

You have a pair of horns on your head.
You reflexively headbutt those who attack you in melee.
Armour fits poorly on your strangely shaped body.
You are somewhat resistant to further mutation.


   Skills:
 + Level 3.8 Fighting
 + Level 13.9 Maces & Flails
 + Level 2.7 Armour
 - Level 1.1 Dodging


You had 7 spell levels left.
You didn't know any spells.
Your spell library contained the following spells:

 Spells                   Type           Power      Damage    Failure   Level
 Sting                    Tmut/Pois      0%         1d3       43%         1
 Fireball                 Conj/Fire      0%         3d3       100%        5
 Iskenderun's Battlesphe  Conj           0%         2d6       100%        5
 Yara's Violent Unravell  Hex/Tmut       0%         3d3       100%        5
 Conjure Ball Lightning   Conj/Air       0%         3x3d6     100%        6
 Orb of Destruction       Conj           0%         9d5       100%        7

Inventory:

Hand Weapons
 a - a +1 mace of venom (weapon)
Armour
 b - a +2 leather armour (worn)
 m - a +1 pair of gloves (worn)
 p - a +0 pair of boots
Jewellery
 c - a ring of ice
 n - an amulet of guardian spirit (around neck)
 C - a ring of protection from cold (right hand)
 E - a +5 ring of evasion
 S - a +6 ring of strength
 T - a +4 ring of protection (left hand)
Wands
 g - a wand of polymorph (4)
 s - a wand of flame (11)
Scrolls
 d - 5 scrolls of teleportation {@r2}
 e - 2 scrolls of revelation
 i - a scroll of butterflies
 l - a scroll of identify {@r1}
 q - a scroll of blinking
 t - a scroll of enchant armour
Potions
 f - a potion of berserk rage {unknown}
 h - 2 potions of brilliance
 j - a potion of magic
 k - a potion of curing {@q1}
 o - a potion of attraction

Dungeon Overview and Level Annotations

Branches:
Dungeon (6/15)              Sewer (visited)
 Temple: D:4-7

Altars:
Ashenzari
Gozag
Nemelex Xobeh
Okawaru

Annotations:
D:6 Maggie

#..)# #.##.##. #...#
#....... #...# #...... .
######...######.#..##.
................#.....
...................#
................#..##.#$
######...######.........
#...# ##@....## #...#
#.@...# #...# #.....#
#...# ##...## #...#
....# ....# #.#.# ....
##.##


You could see Maggie (mesmerising, extremely poisoned).


Message History

Maggie is moderately wounded.
Maggie mumbles some strange words.
Maggie draws you further into her thrall.
You closely miss Maggie.
Maggie is heavily wounded.
Maggie hits you with a +2 glaive of holy wrath!
You closely miss Maggie.
Maggie is heavily wounded.
You closely miss Maggie.
Maggie is heavily wounded.
Maggie gestures at you while chanting. The bolt of fire hits you.
You hit Maggie.
Maggie looks as sick as possible!
Maggie is heavily wounded.
Maggie hits you with a +2 glaive of holy wrath!
You barely miss Maggie.
Maggie is severely wounded.
Maggie gestures at you while chanting. The bolt of fire hits you!!
* * * LOW HITPOINT WARNING * * *
You are too injured to fight recklessly!
You are too injured to fight recklessly!
You hit Maggie but do no damage.
Maggie looks as sick as possible!
Maggie is severely wounded.
You hit Maggie but do no damage.
Maggie is severely wounded.
Maggie points at you and mumbles some strange words.
The bolt of fire hits you!!
You die...
Xom chuckles heartily!

Skill      XL: |  1  2  3  4  5  6  7  8 |
---------------+-------------------------+-----
Maces & Flails | 4 5 6 9 11 13 | 13.9
Fighting       | |  3.8
Armour         | |  2.7
Dodging        | |  1.1

Action                     |  1- 3 |  4- 6 |  7- 9 || total
---------------------------+-------+-------+-------++-------
  Melee: Mace              |    55 |    93 |   209 ||   357
         Headbutt          |    11 |    12 |    38 ||    61
         Punch             |       |       |     4 ||     4
    Use: Scroll            |     4 |     3 |    11 ||    18
         Potion            |       |     6 |     2 ||     8
   Stab: Sleeping          |       |     1 |       ||     1
 Armour: Leather armour    |    36 |    57 |   130 ||   223
         Skin              |     4 |       |       ||     4
  Dodge: Dodged            |    44 |    59 |    90 ||   193

Levels and vault maps discovered:
D:1:      saegor_arrival_simple_d, layout_rooms, feat_on_display
D:2:      layout_loops_ring, shapermc_ecumenical_altar_acropolis, serial_forest,
          infiniplex_forest_lined_room_, infiniplex_forest_lined_room_2,
          infiniplex_forest_lined_ring, infiniplex_forest_clump_diagonal,
          infiniplex_forest_lined_room_2, infiniplex_forest_clump_cross,
          infiniplex_forest_lined_3_way, infiniplex_forest_lined_corner,
          infiniplex_forest_lined_room_2, basic_altar, minmay_tromino_v4_c,
          uniq_natasha
D:3:      layout_rooms, uniq_grinder
D:4:      layout_loops_ring, lemuel_tele_altar,
          nemelex_xobeh_ov_fountains_minmay
D:5:      layout_cave_pools, okawaru_trees_1,
          nicolae_gozag_cash_rules_everything_around_me, gammafunk_ghost_grave,
          cheibrodos_sewer_entry_bend, minivault_26, minmay_puff
D:6:      layout_loops_cross, overflow_temple_1_default, uniq_maggie

Notes
Turn   | Place    | Note
-------+----------+-------------------------------------------
     0 | D:1      | demibob the Minotaur Chaos Knight began the quest for the
                  | Orb.
     0 | D:1      | Reached XP level 1. HP: 19/19 MP: 0/0
    66 | D:1      | Reached skill level 4 in Maces & Flails
   129 | D:1      | Got Asosmiew's Codex of Shaping and Fever
   146 | D:1      | Reached XP level 2. HP: 24/26 MP: 1/1
   175 | D:1      | XOM: potion effect (haste)
   238 | D:1      | XOM: silly message
   317 | D:1      | Reached skill level 5 in Maces & Flails
   367 | D:1      | Reached XP level 3. HP: 28/31 MP: 2/2
   450 | D:1      | XOM: divination: magic mapping
   510 | D:2      | Noticed Natasha
   519 | D:2      | Killed Natasha
   571 | D:2      | Noticed Natasha
   579 | D:2      | Killed Natasha
   580 | D:2      | Reached skill level 6 in Maces & Flails
   580 | D:2      | Reached XP level 4. HP: 31/39 MP: 3/3
   631 | D:2      | XOM: divination: magic mapping
   704 | D:2      | Noticed Natasha
   708 | D:2      | Killed Natasha
   791 | D:2      | Found a broken altar of Ashenzari.
   837 | D:2      | XOM: silly message
  1130 | D:2      | Found a faded altar of an unknown god.
  1250 | D:3      | Reached XP level 5. HP: 45/45 MP: 4/4
  1251 | D:3      | XOM: 6-stop teleportation journey
  1253 | D:3      | XOM: 4-stop teleportation journey
  1264 | D:3      | XOM: cloud trail
  1292 | D:3      | Reached skill level 7 in Maces & Flails
  1446 | D:3      | Noticed Grinder
  1446 | D:3      | XOM: cleaving
  1460 | D:3      | XOM: cleaving
  1461 | D:3      | XOM: summons 3 friendly demons
  1488 | D:3      | Killed Grinder
  1489 | D:3      | Reached skill level 9 in Maces & Flails
  1489 | D:3      | Reached XP level 6. HP: 33/51 MP: 2/5
  1796 | D:4      | Found a broken altar of Ashenzari.
  1796 | D:4      | XOM: 3-stop teleportation journey
  1902 | D:4      | Found a sparkling altar of Nemelex Xobeh.
  2137 | D:4      | Reached XP level 7. HP: 55/57 MP: 6/6
  2193 | D:4      | Reached skill level 10 in Maces & Flails
  2339 | D:5      | Entered Level 5 of the Dungeon
  2378 | D:5      | Found an opulent altar of Gozag.
  2389 | D:5      | Found a glowing drain.
  2407 | Sewer    | Entered a sewer
  2603 | D:5      | Reached skill level 11 in Maces & Flails
  2607 | D:5      | XOM: give mutations
  2607 | D:5      | Gained mutation: Armour fits poorly on your strangely
                  | shaped body. [Xom's mischief]
  2607 | D:5      | Lost mutation: Armour fits poorly on your strangely shaped
                  | body. [Xom's mischief]
  2607 | D:5      | Gained mutation: Armour fits poorly on your strangely
                  | shaped body. [Xom's mischief]
  2607 | D:5      | Gained mutation: You are somewhat resistant to further
                  | mutation. [Xom's mischief]
  2617 | D:5      | XOM: divine lightning
  2681 | D:5      | XOM: enchant monster (good)
  2682 | D:5      | Reached XP level 8. HP: 32/64 MP: 5/7
  2819 | D:5      | XOM: swap monsters
  2821 | D:5      | XOM: swap monsters
  2825 | D:5      | Reached skill level 12 in Maces & Flails
  3003 | D:5      | XOM: summons 5 hostile demons
  3004 | D:5      | Noticed a sixfirhy
  3004 | D:5      | XOM: smoke on damage
  3417 | D:5      | Found a runed translucent door.
  3418 | D:5      | Noticed hgbash's ghost (amateur DrSh)
  3453 | D:5      | Found an iron altar of Okawaru.
  3462 | D:5      | XOM: god gift: dagger {god gift}
  3749 | D:5      | Killed hgbash's ghost
  3750 | D:5      | Reached skill level 13 in Maces & Flails
  4035 | D:6      | XOM: enchant monster (good)
  4071 | D:6      | XOM: divination: detect items
  4147 | D:6      | Noticed Maggie
  4164 | D:6      | Killed from afar by Maggie

Vanquished Creatures
  The ghost of hgbash the Ruffian, an amateur DrSh (D:5)
  A water moccasin (Sewer)
  A black bear (D:5)
  2 ogres (D:5)
  A centaur (D:5)
  A phantom (D:6)
  A kobold brigand (D:6)
  A scorpion (D:5)
  5 orc priests
  4 hounds
  A jelly (D:5)
  2 sleepcaps (D:5)
  Natasha (thrice) (D:2)
  3 orc wizards
  4 iguanas
  4 gnolls (D:5)
  2 adders
  2 ufetubi (D:4)
  5 worms
  3 dart slugs
  16 orcs
  3 bats
  3 endoplasms
  A giant cockroach (D:1)
  9 goblins
  6 hobgoblins
  9 jackals
  5 quokkas
  11 ball pythons
  3 frilled lizards (D:2)
  9 kobolds
  8 rats
130 creatures vanquished.

Vanquished Creatures (collateral kills)
  Grinder (D:3)
  An orc wizard (D:3)
  An orc (D:3)
3 creatures vanquished.

Vanquished Creatures (others)
  A sleepcap (D:5)
1 creature vanquished.

Grand Total: 134 creatures vanquished

Table legend: (Time is in decaauts)
 A = Elapsed time spent in this place.
 B = Non-inter-level travel time spent in this place.
 C = Inter-level travel time spent in this place.
 D = Time resting spent in this place.
 E = Time spent auto-exploring this place.
 F = Levels seen in this place.
 G = Mean time per level.
                   A        B        C        D        E       F      G
               +--------+--------+--------+--------+--------+-----+--------+
         Total |   4108 |   3975 |    133 |    221 |   2933 |   7 |  586.9 |
       Dungeon |   3936 |   3803 |    133 |    221 |   2798 |   6 |  656.0 |
         Sewer |    171 |    171 |      0 |      0 |    135 |   1 |  171.0 |
               +--------+--------+--------+--------+--------+-----+--------+

Top non-repeatable levels by time:
     D:5: 1260 daAuts
     D:2: 672 daAuts
     D:4: 664 daAuts
     D:1: 499 daAuts
     D:3: 492 daAuts
     D:6: 348 daAuts
   Sewer: 171 daAuts

Table legend:
 A = Non-vault XP
 B = Vault XP
 C = Vault XP percentage of total XP
 D = Non-vault monster count
 E = Vault monster count
 F = Vault count percentage of total count
                 A         B        C        D         E       F
            +---------+---------+-------+---------+---------+-------
      Total |    1728 |     937 |  35.2 |     121 |      13 |   9.7
            +---------+---------+-------+---------+---------+-------
        D:1 |      45 |       0 |   0.0 |      26 |       0 |   0.0
        D:2 |     108 |      39 |  26.5 |      20 |       3 |  13.0
        D:3 |     107 |     286 |  72.8 |      15 |       1 |   6.2
        D:4 |     261 |       0 |   0.0 |      19 |       0 |   0.0
        D:5 |     884 |     463 |  34.4 |      26 |       6 |  18.8
        D:6 |     323 |       0 |   0.0 |      15 |       0 |   0.0
      Sewer |       0 |     149 | 100.0 |       0 |       3 | 100.0
            +---------+---------+-------+---------+---------+-------
